 Dungeon Crawl Stone Soup version 0.15.0-27-gbdb0435 (webtiles) character file.

475 Psiweapon the Ruffian (level 7, -1/38 HPs)
             Began as a Gargoyle Transmuter on Sept 11, 2014.
             Killed by divine providence
             ... invoked by an orc priest
              (14 damage)
             ... on Level 4 of the Dungeon.
             The game lasted 00:17:51 (5070 turns).

Psiweapon the Ruffian (Gargoyle Transmuter)         Turns: 5070, Time: 00:17:51

HP  -1/38        AC  7     Str 19      XL: 7   Next: 10%
MP  12/12        EV 11     Int 13      God:
Gold 217         SH  0     Dex 12      Spells:  1 memorised,  9 levels left

rFire  . . .     SeeInvis .       - Unarmed
rCold  . . .     Clarity  .     n - +0 leather armour
rNeg   + . .     rCorr    .     (no shield)
rPois  +         rRot     +     (no helmet)
rElec  +         Spirit   .     (no cloak)
SustAb .         Warding  .     (no gloves)
rMut   .         Stasis   .     (no boots)
Gourm  .                        (no amulet)
MR     .....                    (no ring)
                                x - ring of wizardry

@: mighty, very slightly contaminated, hasted, very quick, not resistant to
hostile enchantments, very unstealthy
A: negative energy resistance 1, electricity resistance, unbreathing,
petrification resistance, rot immunity, AC +4
a: no special abilities


You were on level 4 of the Dungeon.
You were very hungry.

You visited 1 branch of the dungeon, and saw 4 of its levels.
You also visited: Sewer.

You collected 217 gold pieces.

Inventory:

Hand weapons
 q - a cursed -1 short sword
Missiles
 b - 12 arrows
 f - 12 bolts of penetration
 w - 3 tomahawks (quivered)
Armour
 c - a +0 robe
 m - a +0 buckler
 n - a +0 leather armour (worn)
Comestibles
 a - a bread ration
 D - a beef jerky
 E - 3 chunks of human flesh
 F - a rotting chunk of hobgoblin flesh
 G - a meat ration
Scrolls
 e - 3 scrolls of identify
 h - 2 scrolls of blinking
 k - 2 scrolls of remove curse {unknown}
 p - 2 scrolls of immolation
 u - a scroll of enchant weapon {unknown}
 v - 2 scrolls of fear {unknown}
 y - a scroll of magic mapping {unknown}
 A - a scroll of recharging {unknown}
 C - 3 scrolls of fog
Jewellery
 l - an uncursed ring of poison resistance
 o - an uncursed ring of fire
 x - a ring of wizardry (left hand)
Potions
 g - a potion of heal wounds {unknown}
 i - a potion of curing
 j - a potion of lignification {unknown}
 r - 2 potions of poison
 s - a potion of haste
 t - 2 potions of brilliance {unknown}
 z - a potion of might
 B - a potion of agility {unknown}
Books
 d - a book of Changes

   Spells                             Type                      Level
   *Beastly Appendage                 Transmutation                1
   Sticks to Snakes                   Transmutation                2
   Spider Form                        Transmutation/Poison         3
   Ice Form                           Ice/Transmutation            4
   Blade Hands                        Transmutation                5


   Skills:
 - Level 1.1 Fighting
 - Level 1.5 Dodging
 + Level 7.8 Unarmed Combat
 - Level 2.0 Spellcasting
 - Level 1.5 Transmutations


You had 9 spell levels left.
You knew the following spells:

 Your Spells              Type           Power        Failure   Level  Hunger
a - Beastly Appendage     Trmt           #.....       6%          1    ##.....


Dungeon Overview and Level Annotations

Branches:
Dungeon (4/15)
 Temple: D:4-7

Altars:
Trog
The Shining One


Innate Abilities, Weirdness & Mutations

You are resistant to torment.
You are immune to poison.
Your stone body is very resilient (AC +4).
You resist negative energy.
You are resistant to electric shocks.
You can survive without breathing.
You are immune to petrification.
You are immune to rotting.


Message History

You open the door. You open the door.
An orc wizard comes into view. It is wielding a dagger.
The orc wizard shouts!
You hear a shout!
You hear a shout!
You hear a shout!
There is an open door here.
An orc priest comes into view.
You closely miss the orc wizard.
The orc wizard hits you but does no damage.
The orc priest invokes the aid of Beogh against you.
Something smites you!
You hit the orc wizard. Your kick misses the orc wizard.
The orc wizard is moderately wounded.
The orc wizard completely misses you. 2 orcs come into view.
You barely miss the orc wizard. Your kick misses the orc wizard.
The orc wizard is moderately wounded.
Your talons disappear.
The orc priest calls down the wrath of Beogh upon you.
Something smites you!
You die...

+...+..+ #. #...#..# #.
#...#..# .. #.
##...'..#.... ## #.
.....#..+..... ..# #.
....<#..#...#'##+##..# ##
.....#..#...'......o.#
##...#'##...#....o.oo#
+...o..'...#...@# #######
#...#'##...####'#
##.#...#
#...#..#...#....#
#..'...'
+...#..'...#....##.##
#..#...#
#...#..#...#....'...#
#..#...#
#...+..#...#....#...#
##.#...#
+...#+##...#))..#...#
##.##### #...#
#...)....##.## #....... .
+...#+##+##..######..##..


You could see an orc priest, an orc wizard and 2 orcs.

Vanquished Creatures
  Prince Ribbit (D:4)
  An orc priest (D:3)
  2 orc wizards
  A worker ant (D:4)
  5 adders
  3 giant mites
  A giant gecko (D:3)
  11 orcs
  7 bats
  4 giant cockroaches
  10 hobgoblins
  10 jackals (Sewer)
  A quokka (D:2)
  4 ball pythons
  9 giant newts
  8 goblins
  12 kobolds
  8 rats
  2 plants (Sewer)
100 creatures vanquished.

Vanquished Creatures (others)
  4 toadstools (D:1)
4 creatures vanquished.

Grand Total: 104 creatures vanquished

Notes
Turn   | Place    | Note
--------------------------------------------------------------
     0 | D:1      | Psiweapon, the Gargoyle Transmuter, began the quest for the Orb.
     0 | D:1      | Reached XP level 1. HP: 12/12 MP: 3/3
   184 | D:2      | Reached XP level 2. HP: 10/16 MP: 2/4
  1024 | D:1      | Reached skill level 4 in Unarmed Combat
  1318 | D:2      | Reached XP level 3. HP: 17/20 MP: 4/6
  2173 | D:3      | Found a glowing drain.
  2289 | D:2      | Reached XP level 4. HP: 16/25 MP: 7/7
  2425 | D:3      | Reached skill level 5 in Unarmed Combat
  2448 | Sewer    | Entered a sewer
  3165 | Sewer    | Reached XP level 5. HP: 26/29 MP: 9/9
  3234 | D:3      | Found a glowing golden altar of the Shining One.
  3654 | D:4      | Noticed Prince Ribbit
  4184 | D:3      | Reached skill level 6 in Unarmed Combat
  4660 | D:3      | Reached XP level 6. HP: 34/34 MP: 8/10
  4671 | D:3      | Found a bloodstained altar of Trog.
  5032 | D:4      | Killed Prince Ribbit
  5032 | D:4      | Reached skill level 7 in Unarmed Combat
  5032 | D:4      | Reached XP level 7. HP: 21/38 MP: 12/12
  5070 | D:4      | Killed from afar by an orc priest

Action                   |  1- 3 |  4- 6 |  7- 9 || total
-------------------------+-------+-------+-------++-------
Melee: Unarmed           |   161 |   329 |    11 ||   501
Throw: Tomahawk          |       |    12 |       ||    12
 Cast: Beastly Appendage |    21 |    34 |     1 ||    56
  Use: Potion            |     1 |     1 |     1 ||     3
       Scroll            |       |     6 |       ||     6
  Eat: Chunk             |     5 |     9 |       ||    14
